Map: Nightshade LE

Players

Rob - Winner!

  • Race: Protoss Protoss
  • League: Grandmaster
  • Spawn Location: 11:00

avilo

  • Race: Terran Terran
  • League: Grandmaster
  • Spawn Location: 5:00

Event: Cheeseadelphia XI, Cheeseadelphia XI

VOD

Have the link to the VOD?

Description

Time

  • Played on: Dec. 14, 2019, 11:09 a.m.
  • Length: 10:54

All games in this series

Show
View Real Time Build Order
Export as new Build Order

Rob Protoss - Winner!

Build Orders: 1 Gate Expand, Blink Stalkers 

Get SALT Encoding   

  12  0:00  Probe  
  13  0:12  Probe  
  14  0:18  Pylon  
  14  0:24  Probe (Chrono Boost)  
  15  0:37  Probe (Chrono Boost)  
  15  0:38  Gateway  
  16  0:45  Probe (Chrono Boost)  
  16  0:47  Assimilator  
  17  0:51  Probe  
  18  1:03  Probe  
  19  1:15  Probe  
  20  1:23  Nexus  
  20  1:35  Cybernetics Core  
  20  1:36  Probe (Chrono Boost)  
  21  1:42  Assimilator  
  21  1:45  Probe (Chrono Boost)  
  22  1:51  Pylon  
  22  1:53  Probe  
  23  2:09  Adept (Chrono Boost), Probe  
  23  2:12  Warp Gate  
  26  2:21  Probe, Twilight Council  
  27  2:33  Stalker  
  27  2:35  Probe (Chrono Boost)  
  31  2:40  Probe (Chrono Boost)  
  32  2:44  Probe (Chrono Boost)  
  32  2:48  Probe (Chrono Boost)  
  32  2:49  Probe (Chrono Boost)  
  33  2:56  Gateway  
  34  2:59  Blink  
  34  3:01  Probe  
  34  3:03  Probe  
  36  3:13  Probe  
  36  3:15  Probe  
  37  3:27  Probe x2  
  37  3:31  Robotics Facility  
  37  3:33  Gateway  
  39  3:34  Gateway  
  39  3:39  Probe x2  
  41  3:49  Stalker  
  41  3:50  Pylon  
  41  3:51  Probe x2  
  45  3:57  Pylon  
  45  4:08  Stalker  
  47  4:11  Nexus  
  47  4:17  Warp Prism (Chrono Boost)  
  47  4:21  Probe  
  47  4:23  Probe  
  51  4:29  Stalker  
  53  4:33  Probe  
  53  4:34  Stalker  
  53  4:35  Probe  
  57  4:38  Stalker  
  57  4:42  Pylon  
  59  4:46  Probe  
  59  4:47  Probe  
  59  4:50  Stalker  
  59  4:52  Observer (Chrono Boost)  
  62  5:00  Probe x2  
  62  5:01  Pylon  
  64  5:09  Stalker x3  
  64  5:13  Pylon  
  70  5:19  Probe x2  
  70  5:29  Probe  
  70  5:31  Probe  
  70  5:33  Stalker x3  
  70  5:34  Stalker  
  80  5:38  Charge (Chrono Boost), Probe  
  80  5:41  Probe  
  82  5:43  Probe  
  82  5:47  Forge  
  82  5:49  Gateway  
  83  6:01  Probe x3  
  86  6:04  Assimilator  
  86  6:06  Assimilator  
  86  6:09  Pylon  
  86  6:15  Probe x3  
  87  6:19  Protoss Ground Weapons Level 1 (Chrono Boost)  
  87  6:22  Gateway  
  87  6:23  Pylon  
  87  6:24  Gateway  
  87  6:25  Gateway  
  87  6:28  Gateway  
  87  6:31  Gateway  
  83  6:42  Stalker  
  83  6:43  Stalker x2  
  83  6:44  Probe  
  83  6:45  Probe x2  
  92  6:52  Observer, Immortal (Chrono Boost)  
  92  6:53  Zealot x2  
  96  6:56  Probe  
  96  6:58  Pylon x3  
  101  7:01  Shield Battery  
  101  7:02  Shield Battery  
  101  7:04  Shield Battery  
  101  7:19  Zealot x3  
  101  7:20  Zealot x4  
  110  7:37  Probe x3  
  108  7:42  Nexus  
  108  7:45  Stalker x4  
  116  7:54  Probe x2  
  116  7:55  Probe  
  119  8:06  Probe x2  
  119  8:07  Probe  
  119  8:10  Zealot x3  
  119  8:11  Zealot  
  130  8:13  Protoss Ground Armor Level 1 (Chrono Boost)  
  130  8:16  Templar Archives  
  130  8:19  Forge  
  130  8:27  Zealot x5  
  130  8:30  Pylon  
  130  8:32  Pylon x2  
  136  8:47  Psionic Storm  
  136  8:55  Probe  
  135  8:56  Assimilator  
  135  8:57  Assimilator  
  135  8:59  Pylon, Probe x3  
  135  9:00  Assimilator  
  135  9:01  Stalker x3  
  135  9:02  Assimilator  
  141  9:09  Stalker x3  
  145  9:13  Stalker x2  
  143  9:21  Probe x4 (Chrono Boost)  
  151  9:32  Probe x4 (Chrono Boost)  
  151  9:35  Photon Cannon x2  
  148  9:53  High Templar x7, Zealot x3  
  148  9:58  Archon x3  
  148  9:59  Probe (Chrono Boost)  
  172  10:00  Probe x3 (Chrono Boost)  
  172  10:09  Probe x4 (Chrono Boost)  
  172  10:11  Pylon  
  172  10:14  Probe (Chrono Boost)  
  169  10:23  Nexus  
  169  10:24  Pylon  
  169  10:28  Zealot x9  
Show
View Real Time Build Order
Export as new Build Order

avilo Terran 

Build Orders: Gas First Reaper Expand 

Get SALT Encoding   

  12  0:00  SCV  
  13  0:13  SCV  
  14  0:18  Supply Depot  
  14  0:25  SCV  
  15  0:30  Refinery  
  15  0:39  SCV  
  16  0:45  Barracks  
  16  0:51  SCV  
  17  1:04  SCV  
  18  1:16  SCV  
  19  1:33  Orbital Command  
  19  1:34  Reaper  
  20  1:49  Command Center  
  20  1:59  SCV  
  21  2:07  Factory  
  21  2:11  SCV  
  21  2:12  Barracks Reactor  
  22  2:23  SCV, Supply Depot  
  22  2:29  Refinery  
  23  2:32  Bunker  
  23  2:44  SCV  
  23  2:48  Marine x2  
  25  2:56  Factory Tech Lab, SCV  
  26  3:00  Starport  
  26  3:05  Orbital Command  
  26  3:10  SCV  
  27  3:19  Siege Tank  
  30  3:22  SCV  
  30  3:27  Marine  
  30  3:28  Marine  
  30  3:32  SCV  
  33  3:35  SCV  
  33  3:36  Starport Tech Lab  
  34  3:45  Marine x2  
  34  3:48  SCV x2  
  37  3:51  Supply Depot  
  38  4:00  Raven, SCV x2  
  42  4:07  Marine x2  
  42  4:08  Supply Depot  
  44  4:12  SCV  
  44  4:13  SCV  
  46  4:17  Supply Depot  
  46  4:24  SCV, Refinery  
  46  4:25  SCV  
  46  4:30  Siege Tank  
  51  4:33  Supply Depot  
  51  4:36  SCV  
  51  4:37  SCV  
  53  4:41  Cloaking Field  
  53  4:46  Marine x2  
  53  4:50  SCV  
  53  4:51  SCV  
  57  4:59  Banshee  
  60  5:03  SCV x2  
  60  5:05  Supply Depot  
  62  5:12  Command Center  
  62  5:15  SCV x2  
  61  5:26  Marine  
  61  5:27  Marine  
  59  5:30  SCV x2  
  59  5:34  Bunker  
  60  5:38  Siege Tank  
  63  5:43  SCV x2  
  63  5:45  Banshee  
  63  5:47  Marine  
  69  6:01  Marine  
  69  6:03  SCV  
  69  6:04  SCV  
  72  6:05  Marine  
  72  6:06  Engineering Bay  
  72  6:11  Siege Tank  
  75  6:16  SCV  
  76  6:23  Starport  
  76  6:24  SCV, Starport  
  77  6:26  Refinery  
  77  6:33  Orbital Command  
  73  6:42  Missile Turret  
  73  6:43  SCV x2  
  74  6:49  Hyperflight Rotors  
  74  6:55  Banshee, SCV x2  
  79  7:02  SCV  
  79  7:03  Supply Depot, Starport Tech Lab x2  
  79  7:07  SCV  
  81  7:12  Siege Tank  
  81  7:22  Banshee  
  81  7:32  Banshee  
  83  7:39  Bunker, SCV x2  
  85  7:46  Hellion  
  85  7:48  Starport x2  
  85  7:49  SCV  
  90  7:51  SCV, Supply Depot  
  90  7:53  Supply Depot x2  
  85  8:01  Infernal Pre-Igniter  
  85  8:04  SCV x3  
  86  8:06  Factory  
  86  8:12  Viking  
  88  8:16  SCV x2  
  88  8:19  Missile Turret  
  90  8:21  Missile Turret  
  90  8:24  Siege Tank  
  90  8:25  Starport Tech Lab  
  90  8:26  Starport Tech Lab  
  93  8:32  Missile Turret, Supply Depot  
  93  8:33  SCV x2  
  84  8:56  Hellion  
  84  9:00  Banshee x3, Hellion  
  94  9:08  SCV x3  
  91  9:12  Armory  
  89  9:18  Banshee  
  89  9:20  Hellion x2  
  89  9:22  Hellion  
  89  9:24  Orbital Command  
  95  9:27  SCV x2  
  97  9:35  Banshee  
  100  9:41  Hellion x2  
  100  9:43  Hellion  
  103  9:50  SCV x2  
  103  9:51  SCV  
  106  10:02  SCV, Siege Tank, Hellion  
  106  10:03  SCV, Refinery  
  106  10:04  Refinery  
  106  10:07  Missile Turret, Banshee  
  113  10:09  Missile Turret  
  113  10:10  SCV  
  120  10:15  SCV  
  107  10:21  SCV  
  107  10:24  Hellion x2  
  107  10:27  SCV  
Tags
 
Add a new tag
Caveats
  • Supply blocks, unpowered buildings, or Contaminate may cause inaccurate times.
  • Supply counts are checked every 10 seconds.